 Dungeon Crawl Stone Soup version 0.27-a0-1196-g3e9cee4cb2 (webtiles) character file.

Game seed: 5306169177967376259

105 Kold the Shield-Bearer (level 5, -3/42 HPs)
             Began as a Formicid Fighter on May 27, 2021.
             Slain by a gnoll
             ... wielding a +0 flail
              (6 damage)
             ... on level 2 of the Dungeon.
             The game lasted 00:02:24 (1725 turns).

Kold the Shield-Bearer (Formicid Fighter)           Turns: 1725, Time: 00:02:24

Health: -3/42      AC:  8    Str: 22    XL:     5   Next: 8%
Magic:  5/5        EV:  8    Int:  7    God:
Gold:   88         SH:  9    Dex: 10    Spells: 4/4 levels left

rFire    . . .     SeeInvis +   a - +0 long sword
rCold    . . .     Faith    .   c - +0 kite shield
rNeg     . . .     Spirit   .   b - +0 scale mail
rPois    .         Reflect  .   (helmet unavailable)
rElec    .         Harm     .   (no cloak)
rCorr    .         Rampage  .   (no gloves)
Will     .....                  k - +0 pair of boots
Stlth    ..........             (no amulet)
HPRegen  0.14/turn              (no ring)
MPRegen  0.09/turn              (no ring)

@: no status effects
A: permanent stasis, dig shafts and tunnels, antennae 3, four strong arms
a: Dig, Shaft Self


You were on level 2 of the Dungeon.
You visited 1 branch of the dungeon, and saw 2 of its levels.

You collected 88 gold pieces.

Inventory:

Hand Weapons
 a - a +0 long sword (weapon)
Armour
 b - a +0 scale mail (worn)
 c - a +0 kite shield (worn)
 k - a +0 pair of boots (worn)
Jewellery
 f - a ring of ice
Scrolls
 e - 2 scrolls of identify {unknown}
 g - 3 scrolls of blinking {unknown}
 h - a scroll of amnesia {unknown}
Potions
 d - a potion of might
 i - a potion of berserk rage
 j - a potion of degeneration {unknown}


   Skills:
 - Level 4.0 Fighting
 * Level 3.6 Long Blades
 - Level 4.0 Armour
 + Level 0.4 Stealth
 - Level 4.0 Shields


You had 4 spell levels left.
You didn't know any spells.
Your spell library contained the following spells:

 Spells                   Type           Power      Damage    Failure   Level
 Confusing Touch          Hex            0%         N/A       100%        3
 Gell's Gravitas          Tloc           0%         N/A       100%        3
 Petrify                  Tmut/Erth      0%         N/A       100%        4
 Metabolic Englaciation   Hex/Ice        0%         N/A       100%        5
 Yara's Violent Unravell  Hex/Tmut       0%         3d3       100%        5


Dungeon Overview and Level Annotations

Branches:
Dungeon (2/15)

Altars:


Innate Abilities, Weirdness & Mutations

You cannot be hasted, slowed, berserked, paralysed or teleported.
You can dig through walls and to a lower floor.
You have a pair of large antennae on your head. (SInv)
Your four strong arms can wield two-handed weapons with a shield.


Message History

You hit the gnoll but do no damage.
The gnoll is heavily wounded.
You block the gnoll's attack.
You slash the gnoll!
You kill the gnoll!
The gnoll hits you but does no damage.
Training target 4.0 for Fighting reached!
Your Fighting skill increases to level 4!
You hit the gnoll.
The gnoll is moderately wounded.
You block the gnoll's attack.
You hit the gnoll.
The gnoll is severely wounded.
You block the gnoll's attack. The gnoll barely misses you.
You riposte.
You hit the gnoll.
You kill the gnoll!
Training target 4.0 for Armour reached!
Your Armour skill increases to level 4!
The gnoll hits you but does no damage.
Items here: ( )) †.
You barely miss the gnoll. The gnoll hits you with a +0 whip.
You hit the gnoll but do no damage. The gnoll completely misses you.
You riposte.
You hit the gnoll but do no damage. The gnoll barely misses you.
You riposte.
Your scale mail prevents you from hitting the gnoll.
You slash the gnoll!
The gnoll is severely wounded.
The gnoll hits you with a +0 whip.
* * * LOW HITPOINT WARNING * * *
You slash the gnoll!
You kill the gnoll!
You have reached level 5!
You hit the gnoll but do no damage. The gnoll hits you with a +0 flail.
* * * LOW HITPOINT WARNING * * *
The gnoll hits you with a +0 flail.
* * * LOW HITPOINT WARNING * * *
It was a potion of berserk rage.
Your stasis prevents you from going berserk.
The gnoll hits you with a +0 flail.
You die...

####.###>.###### ...
#.....######. ..8
#..#### #..). ..
#..# #.### ..
##.######.## #g
##.........## #.
##..###.....#.
#.#####..####.....†.
#.g@..............##
#############.....#
#######


You could see a gnoll.

Vanquished Creatures
  An adder (D:2)
  4 gnolls
  3 worms (D:2)
  2 dart slugs
  5 ball pythons
  5 bats
  3 endoplasms
  2 giant cockroaches (D:1)
  6 goblins
  3 hobgoblins
  3 jackals (D:1)
  4 kobolds
  2 frilled lizards
  A rat (D:1)
44 creatures vanquished.

Vanquished Creatures (others)
  4 toadstools (D:1)
4 creatures vanquished.

Grand Total: 48 creatures vanquished

Notes
Turn   | Place    | Note
-------+----------+-------------------------------------------
     0 | D:1      | Kold the Formicid Fighter began the quest for the Orb.
     0 | D:1      | Reached XP level 1. HP: 18/18 MP: 1/1
    44 | D:1      | Reached XP level 2. HP: 17/24 MP: 2/2
   489 | D:1      | Reached XP level 3. HP: 29/29 MP: 3/3
  1350 | D:2      | Reached XP level 4. HP: 35/37 MP: 4/4
  1724 | D:2      | Reached XP level 5. HP: 12/42 MP: 5/5
  1725 | D:2      | Slain by a gnoll

Illustrated notes

Levels and vault maps discovered:
D:1:      ldierk_water_garden, layout_rooms, minmay_misc_feat_x,
          minmay_indecisive_spiral
D:2:      layout_rooms, grunt_ministairs_14

Skill      XL: |  1  2  3  4 |
---------------+-------------+-----
Shields        | 4 |  4.0
Long Blades    | 3 |  3.6
Fighting       | 4 |  4.0
Armour         | 4 |  4.0
Stealth        | |  0.4

Action                   |  1- 3 |  4- 6 || total
-------------------------+-------+-------++-------
Melee: Long sword        |    87 |    69 ||   156
  Use: Potion            |       |     1 ||     1
Armor: Scale mail        |    71 |    22 ||    93
Dodge: Dodged            |    34 |    14 ||    48
Block: Kite shield       |    92 |    35 ||   127
       Rpst.: Long sword |     5 |     7 ||    12

Table legend: (Time is in decaauts)
 A = Elapsed time spent in this place.
 B = Non-inter-level travel time spent in this place.
 C = Inter-level travel time spent in this place.
 D = Time resting spent in this place.
 E = Time spent auto-exploring this place.
 F = Levels seen in this place.
 G = Mean time per level.
                   A        B        C        D        E       F      G
               +--------+--------+--------+--------+--------+-----+--------+
         Total |   1799 |   1699 |    100 |    639 |    720 |   2 |  899.5 |
       Dungeon |   1799 |   1699 |    100 |    639 |    720 |   2 |  899.5 |
               +--------+--------+--------+--------+--------+-----+--------+

Top non-repeatable levels by time:
     D:1: 1318 daAuts
     D:2: 480 daAuts
